 Dungeon Crawl Stone Soup version 0.21.0-24-g2553a3340b (webtiles) character file.

197 Krosko the Skirmisher (level 5, -8/35 HPs)
             Began as a Gargoyle Fighter on Jan 21, 2018.
             Was an Initiate of Makhleb.
             Mangled by an ogre
             ... wielding a +0 giant club
              (12 damage)
             ... on level 4 of the Dungeon.
             The game lasted 00:04:46 (2403 turns).

Krosko the Skirmisher (Gargoyle Fighter)            Turns: 2403, Time: 00:04:47

Health: -8/35      AC: 11    Str: 20    XL:     5   Next: 75%
Magic:  5/5        EV:  7    Int:  9    God:    Makhleb [......]
Gold:   154        SH:  9    Dex:  9    Spells: 4/4 levels left

rFire    . . .     SeeInvis .   a - +0 flail
rCold    . . .     Gourm    .   c - +0 shield
rNeg     + . .     Faith    .   b - +0 scale mail
rPois    ∞         Spirit   .   (no helmet)
rElec    +         Reflect  .   (no cloak)
rCorr    .         Harm     .   (no gloves)
MR       .....                  (no boots)
Stlth    ..........             (no amulet)
HPRegen  0.11/turn              (no ring)
MPRegen  0.09/turn              (no ring)

@: no status effects
A: negative energy resistance 1, electricity resistance, unbreathing,
petrification resistance, rot immunity, AC +4
a: Renounce Religion


You were on level 4 of the Dungeon.
You worshipped Makhleb.
Makhleb was noncommittal.
You were not hungry.

You visited 1 branch of the dungeon, and saw 4 of its levels.

You collected 154 gold pieces.

Inventory:

Hand Weapons
 a - a +0 flail (weapon)
Armour
 b - a +0 scale mail (worn)
 c - a +0 shield (worn)
Jewellery
 s - a cursed ring of teleportation {unknown}
Wands
 p - a wand of random effects (28)
Scrolls
 h - 3 scrolls of identify {unknown}
 i - 3 scrolls of magic mapping {unknown}
 j - a scroll of remove curse {unknown}
 k - 2 scrolls of enchant armour {unknown}
 l - a scroll of fear {unknown}
 m - a scroll of teleportation {unknown}
 o - 3 scrolls of random uselessness {unknown}
 r - a scroll of amnesia {unknown}
Potions
 d - a potion of might
 e - a potion of agility {unknown}
 g - 3 potions of flight {unknown}
 n - 2 potions of curing {unknown}
 t - a potion of lignification {unknown}
Comestibles
 f - 8 rations
 q - 2 chunks of flesh


   Skills:
 + Level 5.4 Fighting
 - Level 2.8 Maces & Flails
 - Level 4.0 Armour
 - Level 0.1 Dodging
 - Level 4.1 Shields


You had 4 spell levels left.
You didn't know any spells.

Dungeon Overview and Level Annotations

Branches:
Dungeon (4/15)
 Temple: D:4-7

Altars:
Makhleb
Xom


Innate Abilities, Weirdness & Mutations

You are resistant to torment.
Your stone body is resilient. (AC +4)
You are immune to poison.
You resist negative energy. (rN+)
You are resistant to electric shocks. (rElec)
You can survive without breathing.
You are immune to petrification.
You are immune to rotting.


Message History

A worker ant comes into view.
The worker ant twitches its antennae in your direction.
You closely miss the worker ant. The ogre barely misses you.
The worker ant bites you.
You sock the worker ant!
The worker ant is heavily wounded.
The worker ant bites you. The ogre hits you with a giant club!
* * * LOW HITPOINT WARNING * * *
You block the worker ant's attack.
You hit the worker ant but do no damage.
The worker ant is heavily wounded.
The worker ant bites you.
* * * LOW HITPOINT WARNING * * *
The ogre closely misses you.
The worker ant bites you but does no damage.
You block the ogre's attack.
You closely miss the worker ant.
The worker ant is heavily wounded.
You block the worker ant's attack. The ogre hits you with a giant club!
You die...

#.........#
####......# #......#
#......# #.#.###....
#.#.# .### #.#.# .#
#.#O# #######.#@#
#.......#a#
#.......#.#
#.......#.#
#.......#.#
#######.#.# #.#.#
#.#..
#.##################


You could see an ogre and a worker ant.

Vanquished Creatures
  A hound (D:3)
  6 gnolls
  4 adders
  2 oozes (D:1)
  4 worms
  A dart slug (D:1)
  A leopard gecko (D:3)
  3 orcs
  4 bats
  2 giant cockroaches
  6 goblins
  6 hobgoblins
  5 kobolds
  3 frilled lizards
  A quokka skeleton (D:4)
  4 rats
53 creatures vanquished.

Notes
Turn   | Place    | Note
-------+----------+-------------------------------------------
     0 | D:1      | Krosko the Gargoyle Fighter began the quest for the Orb.
     0 | D:1      | Reached XP level 1. HP: 14/14 MP: 1/1
   216 | D:1      | Reached XP level 2. HP: 19/19 MP: 2/2
   557 | D:1      | Reached XP level 3. HP: 21/23 MP: 3/3
   889 | D:2      | Reached XP level 4. HP: 27/29 MP: 4/4
   946 | D:2      | You fall through a shaft!
   946 | D:3      | Found a shimmering altar of Xom.
  1014 | D:3      | Reached skill level 4 in Fighting
  1514 | D:3      | Reached XP level 5. HP: 34/34 MP: 5/5
  1580 | D:3      | Found a burning altar of Makhleb.
  1603 | D:3      | Became a worshipper of Makhleb the Destroyer
  1865 | D:2      | Reached skill level 5 in Fighting
  2332 | D:4      | Noticed an ogre
  2403 | D:4      | Mangled by an ogre

Skill      XL: |  1  2  3  4  5 |
---------------+----------------+-----
Armour         | 4 |  4.0
Shields        | 4 |  4.1
Fighting       | 4 5 |  5.4
Maces & Flails | |  2.8
Dodging        | |  0.1

Action                   |  1- 3 |  4- 6 || total
-------------------------+-------+-------++-------
Melee: Flail             |    95 |   159 ||   254
  Eat: Chunk             |       |     5 ||     5
Armor: Scale mail        |    51 |    76 ||   127
Dodge: Dodged            |    27 |    46 ||    73
Block: Shield            |    47 |    80 ||   127
